Cogmind - Beta 10 @@@ ROGUE MODE // 2020.09.13 @ 01:55:29 // Winter2019/RPGLIKE Player: Torako Result: Destroyed by Q446-a with Hellfire Missile Launcher Performance ------------- Evolutions (8) 4000 Regions Visited (27) 5400 Robots Destroyed (420) 2100 Value Destroyed (23134) 23134 Prototype IDs (256) 5120 Alien Tech Used (5) 1000 Bonus (24152) 24152 TOTAL SCORE: 64906 Bonus ------- High Alert Combat Kills 1562 Follower Combat Kills 2633 Entered Garrisons 1200 Used RIF Installer 3000 Met Data Miner 300 Used Data Conduit 3000 Found Hidden Lab 3000 Decrypted A0 Command 3000 Used Core Reset Matrix 3000 Hacked Protovariant 500 Scanned by Researcher 500 Pursued by Intercept 1000 Met Sigix 2000 Friendly Fire -543 Cogmind --------- Core Integrity 0/2300 Matter 395/400 Energy 505/530 System Corruption 16% Temperature Cool (0) Movement Walking (120) Ox1 Location -2/Quarantine Parts ------- > --- POWER (5) -------- Cooled Fission Core Light Quantum Reactor Light Quantum Reactor > --- PROPULSION (4) --- Myomer Exoskeleton > --- UTILITY (9) ------ Advanced Signal Interpreter Experimental Terrain Scanner Advanced Armor Integrity Analyzer Advanced Phase Shifter SHELL Armor System Mapper > --- WEAPON (7) ------- Hypervelocity EM Gauss Rifle Hypervelocity EM Gauss Rifle Warp Gun Improved Potential Cannon Sigix Broadsword > --- INVENTORY (6) ---- High-powered Transdimensional Reconstructor Subatomic Replicator Sigix Terminator Sigix Containment Pod Peak State ------------ > --- POWER ------------ Cooled Fission Core Cooled Fission Core Light Quantum Reactor Light Quantum Reactor > --- PROPULSION ------- Myomer Exoskeleton > --- UTILITY ---------- Advanced Signal Interpreter Experimental Terrain Scanner Advanced Armor Integrity Analyzer Advanced Phase Shifter SHELL Armor Advanced Force Field System Mapper > --- WEAPON ----------- Hypervelocity EM Gauss Rifle Hypervelocity EM Gauss Rifle Warp Gun Improved Potential Cannon Sigix Broadsword > --- INVENTORY -------- High-powered Transdimensional Reconstructor Subatomic Replicator Sigix Terminator Sigix Containment Pod [Rating: 229] Favorites ----------- Power Antimatter Reactor Engine Improved Ion Engine Power Core Cooled Fission Core Reactor Antimatter Reactor Propulsion Advanced Treads Treads Advanced Treads Leg Myomer Exoskeleton Wheel Wheel Utility Advanced Signal Interpreter Device Makeshift Terrain Scanner Processor Advanced Signal Interpreter Hackware Relay Coupler [Grunt] Protection Improved Weapon Shielding Weapon Gauss Rifle Energy Gun Hypervelocity EM Gauss Rifle Energy Cannon Potential Cannon Ballistic Gun Gauss Rifle Ballistic Cannon AWS/Autocannon Launcher Shock Bomb Launcher Special Weapon Advanced Remote Datajack Impact Weapon Flail Slashing Weapon Makeshift Axe Special Melee Weapon Improved Datajack Build | -11 -10 -10 -10 -9 -8 -8 -8 -8 -7 -7 -7 -6 -6 -6 -6 -6 -5 -5 -5 -5 -4 -4 -4 -3 -3 -2 -2 ------- Run | Scr Mat Min Exi Min Mat Gar Mat Gar Fac Low Dat Pro Fac Gar Fac Gar Fac Gar Fac Gar Fac Arm Lab Res Tes Res Qua Slots Evolved 20 | . 2 . . 1 2 3 2 . 1 . 2 . . 1 . . . 2 . . 1 . . 1 . 1 1 Power 3 | . . . . . . . . . . . 1 . . . . . . . . . . . . . . 1 1 Propulsion 3 | . . . . . . . 2 . . . . . . . . . . . . . 1 . . . . . . Utility 8 | . . . . . 1 3 . . 1 . 1 . . 1 . . . . . . . . . 1 . . . Weapon 6 | . 2 . . 1 1 . . . . . . . . . . . . 2 . . . . . . . . . Parts Attached 151 | 4 11 4 9 3 8 9 9 1 10 . 5 . . 4 1 2 . 6 1 3 11 6 10 5 13 4 12 Power 15 | 1 2 . 1 . . . . . . . 2 . . . . . . . . . . 2 . 1 . 2 4 Engine 3 | 1 2 . . . . . . . . . . . . . . . . . . . . . . . . . . Core 4 | . . . 1 . . . . . . . . . . . . . . . . . . 2 . 1 . . . Reactor 8 | . . . . . . . . . . . 2 . . . . . . . . . . . . . . 2 4 Propulsion 17 | 1 2 2 . . . . 4 . 1 . . . . . . . . . . . 3 2 . . 1 1 . Treads 9 | . . . . . . . 3 . 1 . . . . . . . . . . . 3 2 . . . . . Leg 3 | . . 1 . . . . . . . . . . . . . . . . . . . . . . 1 1 . Wheel 5 | 1 2 1 . . . . 1 . . . . . . . . . . . . . . . . . . . . Hover . | . . . . . . . . . . . . . . . . . . . . . . . . . . . . Flight . | . . . . . . . . . . . . . . . . . . . . . . . . . . . . Utility 47 | 1 . 2 1 . 2 4 1 1 7 . 3 . . 4 1 2 . 2 1 2 2 1 3 1 4 1 1 Device 17 | 1 . 2 1 . 1 1 . . 3 . 1 . . . . . . . 1 . . . 2 1 1 1 1 Storage . | . . . . . . . . . . . . . . . . . . . . . . . . . . . . Processor 5 | . . . . . . . 1 . 3 . . . . . . . . . . . 1 . . . . . . Hackware 18 | . . . . . . 3 . 1 . . . . . 4 1 2 . 2 . 2 1 1 . . 1 . . Protection 7 | . . . . . 1 . . . 1 . 2 . . . . . . . . . . . 1 . 2 . . Artifact . | . . . . . . . . . . . . . . . . . . . . . . . . . . . . Weapon 72 | 1 7 . 7 3 6 5 4 . 2 . . . . . . . . 4 . 1 6 1 7 3 8 . 7 Energy Gun 13 | 1 3 . . 1 . . . . . . . . . . . . . . . . . . 1 2 3 . 2 Energy Cannon 5 | . . . . . . . . . . . . . . . . . . . . . 1 . 1 . . . 3 Ballistic Gun 37 | . . . 2 2 4 5 4 . 1 . . . . . . . . 2 . 1 5 1 4 . 5 . 1 Ballistic Cannon 4 | . . . 3 . . . . . . . . . . . . . . 1 . . . . . . . . . Launcher 3 | . 1 . . . 2 . . . . . . . . . . . . . . . . . . . . . . Special Weapon 3 | . . . . . . . . . . . . . . . . . . 1 . . . . 1 1 . . . Impact Weapon 3 | . 3 . . . . . . . . . . . . . . . . . . . . . . . . . . Slashing Weapon 3 | . . . 2 . . . . . . . . . . . . . . . . . . . . . . . 1 Piercing Weapon . | . . . . . . . . . . . . . . . . . . . . . . . . . . . . Special Melee Weapon 1 | . . . . . . . . . 1 . . . . . . . . . . . . . . . . . . Unidentified Prototypes 12 | . . 1 . . 1 . . . . . . . . . . . . . . . . . 7 1 1 . 1 Parts Lost 5 | . . 1 . . . . . . . . 1 . . . . . . . . . . . . . 1 1 1 Power 1 | . . . . . . . . . . . . . . . . . . . . . . . . . . . 1 Propulsion 1 | . . 1 . . . . . . . . . . . . . . . . . . . . . . . . . Utility 3 | . . . . . . . . . . . 1 . . . . . . . . . . . . . 1 1 . Weapon . | . . . . . . . . . . . . . . . . . . . . . . . . . . . . Highest Loss Streak 1 | . . 1 . . . . . . . . 1 . . . . . . . . . . . . . 1 1 1 Average Slot Usage (%) 89 | . 99 98 77 70 82 97 98 100 99 100 97 100 100 98 100 100 100 91 90 90 82 79 78 82 85 76 72 Engine 1 | . 18 16 6 . . . . . . . . . . . . . . . . . . . . . . . . Core 6 | . . . 9 14 12 9 7 7 6 6 5 . . . . . . . . . . 7 9 12 13 11 7 Reactor 3 | . . . . . . . . . . . 1 11 11 11 11 11 11 10 10 10 9 1 . . . 2 10 Treads 9 | . . . . . . . 9 21 20 20 18 17 17 16 16 16 16 15 15 15 10 9 9 8 6 . . Wheel 3 | . 18 12 16 14 12 9 4 . . . . . . . . . . . . . . . . . . . . Device 11 | . 18 16 16 14 14 10 11 7 10 13 13 17 17 16 11 11 11 9 5 5 4 4 3 7 12 10 11 Processor 9 | . . . . . . . 2 7 17 26 25 23 23 17 16 16 16 14 10 10 9 9 9 8 8 8 8 Hackware 9 | . . . . . . 10 15 14 4 . . . . 7 15 16 16 15 25 25 23 23 22 21 8 4 4 Protection 1 | . . . . . 1 9 7 7 3 . . . . . . . . . . . . . . . 3 4 4 Energy Gun 3 | . 24 . . 5 . . . . . . . . . . . . . . . . . . 2 6 8 8 10 Ballistic Gun 19 | . . . 9 7 29 38 37 35 28 26 25 23 23 22 22 22 22 15 15 15 14 13 10 13 19 20 7 Ballistic Cannon 1 | . . . 7 14 6 . . . . . . . . . . . . 4 5 5 4 4 4 1 . . . Special Weapon 1 | . . . . . . . . . . . . . . . . . . 3 5 5 4 4 3 . 1 . . Impact Weapon 1 | . 16 50 3 . . . . . . . . . . . . . . . . . . . . . . . . Special Melee Weapon 1 | . . . . . . . . . 5 6 5 5 5 5 5 5 5 1 . . . . . . . . . Naked Turns . | . . . . . . . . . . . . . . . . . . . . . . . . . . . . Heaviest Build 183 | 6 14 14 68 70 72 32 32 28 28 26 55 55 55 55 55 53 53 113 110 110 119 116 121 133 127 149 183 Greatest Support 160 | 10 16 10 10 10 10 10 66 66 66 66 66 66 66 66 66 66 66 66 66 66 150 160 160 160 160 128 100 Greatest Overweight (x) 7 | . 1 4 6 6 7 3 3 . . . . . . . . . . 1 1 1 1 . . . 1 1 1 Average Overweight (x) . | . . 1 2 6 3 2 1 . . . . . . . . . . . 1 1 . . . . . 1 1 Largest Inventory Capacity 6 | . 1 1 1 2 3 3 3 3 4 4 4 4 4 5 5 5 5 5 5 5 5 5 5 5 6 6 6 Average Capacity 4 | . . 1 1 1 2 3 3 3 3 4 4 4 4 4 5 5 5 5 5 5 5 5 5 5 5 6 6 Most Carried 6 | . 1 1 1 2 3 3 3 3 4 4 4 4 4 5 5 5 5 5 5 5 5 5 5 5 6 6 6 Average Carried 3 | . . 1 1 1 2 3 3 3 3 4 3 3 3 4 5 5 5 4 5 5 4 4 4 3 4 6 5 Final Capacity 6 | . 1 1 1 2 3 3 3 3 4 4 4 4 4 5 5 5 5 5 5 5 5 5 5 5 6 6 6 Final Carried 6 | . 1 1 1 2 3 3 3 3 4 4 3 4 3 5 5 5 5 5 5 5 5 4 5 3 6 6 6 Class Distribution -------------------- 23% | Hacker-Assassin 18% | Hacker-Skirmisher 13% | Hacker-Mutant 7% | Hacker-Executioner 6% | Bothacker-Mutant 6% | Botlord-Mutant 6% | Bothacker-Skirmisher 4% | Hacker-Gunner Dominant Class ---------------- Hacker-Mutant | -10/Materials Hacker-Mutant | -10/Mines Hacker-Mutant | -10/Exiles Hacker-Skirmisher | -9/Mines Hacker-Skirmisher | -8/Materials Hacker-Skirmisher | -8/Garrison Hacker-Gunner | -8/Materials Hacker-Skirmisher | -8/Garrison Hacker-Assassin | -7/Factory Hacker-Assassin | -7/Lower Caves Hacker-Assassin | -7/Data Miner Hacker-Assassin | -6/Proximity Caves Hacker-Assassin | -6/Factory Hacker-Assassin | -6/Garrison Commander-Assassin | -6/Factory Bothacker-Assassin | -6/Garrison Bothacker-Assassin | -5/Factory Bothacker-Skirmisher | -5/Garrison Botlord-Mutant | -5/Factory Botlord-Mutant | -5/Garrison Botlord-Mutant | -4/Factory Bothacker-Executioner | -4/Armory Bothacker-Mutant | -4/Lab Bothacker-Mutant | -3/Research Hacker-Executioner | -3/Testing Hacker-Executioner | -2/Research Hacker-Skirmisher | -2/Quarantine Resources | -11 -10 -10 -10 -9 -8 -8 -8 -8 -7 -7 -7 -6 -6 -6 -6 -6 -5 -5 -5 -5 -4 -4 -4 -3 -3 -2 -2 ----------- Run | Scr Mat Min Exi Min Mat Gar Mat Gar Fac Low Dat Pro Fac Gar Fac Gar Fac Gar Fac Gar Fac Arm Lab Res Tes Res Qua Matter Collected 9399 | 240 120 35 84 52 379 603 1459 362 476 48 109 208 56 252 68 70 . 288 . 262 306 804 . 846 1006 344 922 Remotely . | . . . . . . . . . . . . . . . . . . . . . . . . . . . . Salvage Created 16869 | 69 345 239 123 46 429 676 1442 372 1637 247 . 669 174 544 88 62 . 649 . 405 196 2377 . 862 2947 958 1313 Parts 958 | 2 22 3 3 1 29 76 97 27 84 5 3 41 6 43 9 12 . 38 . 18 10 91 . 65 164 32 77 Haulers Intercepted 4 | . 2 . . . 1 . 1 . . . . . . . . . . . . . . . . . . . . Recyclers Shooed 3 | . . 1 . . . . . . . . . . . . . . . . . . . . . 1 . 1 . Parts Field Recycled . | . . . . . . . . . . . . . . . . . . . . . . . . . . . . Retrieved Matter . | . . . . . . . . . . . . . . . . . . . . . . . . . . . . Parts Self-Destructed 60 | . . . . . . . . . . 2 . 58 . . . . . . . . . . . . . . . Prevented . | . . . . . . . . . . . . . . . . . . . . . . . . . . . . Kills | -11 -10 -10 -10 -9 -8 -8 -8 -8 -7 -7 -7 -6 -6 -6 -6 -6 -5 -5 -5 -5 -4 -4 -4 -3 -3 -2 -2 ------- Run | Scr Mat Min Exi Min Mat Gar Mat Gar Fac Low Dat Pro Fac Gar Fac Gar Fac Gar Fac Gar Fac Arm Lab Res Tes Res Qua Combat Hostiles Destroyed 358 | . 13 2 . 1 11 30 35 9 25 3 1 16 4 25 3 5 . 20 . 9 4 41 1 15 48 11 26 Melee 3 | . . 2 . . . . 1 . . . . . . . . . . . . . . . . . . . . Guns 290 | . 10 . . . 6 30 34 9 25 3 1 16 4 25 3 5 . 18 . 4 1 13 . 13 47 11 12 Cannons 50 | . . . . 1 5 . . . . . . . . . . . . 2 . 5 3 28 1 1 . . 4 AOE 14 | . 3 . . . . . . . . . . . . . . . . . . . . . . 1 . . 10 Classes Destroyed 22 | 2 4 1 . . 1 . 3 1 2 1 . . . 1 . . . 1 . . . 3 . . 1 . 1 Worker 15 | . . 1 . . . . 2 . 5 . . . . . . . . . . . . . . 1 4 1 1 Builder 16 | . . . . . . . 1 . 2 . . . . . . . . . . . . . . 3 5 1 4 Tunneler 2 | 1 . . . . . . . . . . . . . . 1 . . . . . . . . . . . . Hauler 4 | . 2 . . . 1 . 1 . . . . . . . . . . . . . . . . . . . . Recycler 9 | 1 . 2 . . . . . . 4 . . . . . . . . . . . . . . . 1 1 . Operator 2 | . . . . . . . 1 . . . . . . . . . . . . . . 1 . . . . . Watcher 7 | . 1 . . . . . 1 . . . . . . . . . . . . . . 1 . 2 1 1 . Swarmer 90 | . 9 . . . 1 18 2 . 1 . . 5 . 20 . 3 . 11 . 2 . 1 . . 9 4 4 Saboteur 1 | . . . . . . . . . . . . . . . . . . . . . . 1 . . . . . Grunt 153 | . 4 2 . 1 7 9 25 5 12 . . 10 3 3 2 2 . 7 . 3 1 15 . 4 23 5 10 Brawler 10 | . . . . . . . . 3 4 . . . . . . . . . . . . 3 . . . . . Duelist 4 | . . . . . . . . . 1 . . 1 . . . . . . . . . 1 . . 1 . . Protector 2 | . . . . . . . . . . . . . . . . . . . . . . 1 . . . . 1 Researcher 4 | . . . . . . . . . . . . . . . . . . . . . . . . . 2 . 2 Sentry 35 | . . . . . 3 3 7 . 4 . . . 1 . 1 . . 1 . . 2 4 . 2 3 . 4 Demolisher 3 | . . . . . . . . . . . . . . . . . . . . . . 2 . . . . 1 Specialist 8 | . . . . . . . . . . . . . . 2 . . . . . 1 . 3 . . 2 . . Hunter 18 | . . . . . . . 1 1 . 2 . . . . . . . . . 2 . 5 . 2 4 1 . Programmer 21 | . . . . . . . . . 3 . . . . . . . . . . . 1 2 . 7 4 1 3 Behemoth 3 | . . . . . . . . . . . . . . . . . . 1 . 1 . 1 . . . . . Enhanced Grunt 1 | . . . . . . . . . . . 1 . . . . . . . . . . . . . . . . Lightning 3 | . . . . . . . . . . . . . . . . . . . . . . . . . . . 3 Tracker 2 | . . . . . . . . . . . . . . . . . . . . . . 1 . . 1 . . Combat Programmer 2 | . . . . . . . . . . . . . . . . . . . . . . 1 . . 1 . . Investigator 1 | . . . . . . . . . . . . . . . . . . . . . . . . . 1 . . Alpha 7 1 | . . . . . . . . . . . . . . . . . . . . . . . . . . . 1 Thug 1 | . . . . . . . . . . . . 1 . . . . . . . . . . . . . . . Mutant 1 | . . . . . . . . . . 1 . . . . . . . . . . . . . . . . . Best Kill Streak 13 | 2 3 4 . 1 5 7 4 3 9 1 1 5 3 12 2 3 . 5 . 5 2 10 1 5 11 13 9 Combat Bots Only 12 | . 3 2 . 1 5 7 4 3 7 1 1 5 3 12 2 3 . 5 . 5 2 9 1 4 10 10 8 Max Kills in Single Turn 3 | 1 3 1 . 1 2 2 2 2 3 1 1 2 1 3 1 1 . 3 . 2 1 2 1 3 3 3 2 Gunslinging 2 | . 1 . . . . 1 1 1 1 . . 1 . 2 . . . 2 . . . . . . 1 1 . Exploded 3 | . 3 . . . . . . . . . . . . . . . . . . . . . . 1 . . 2 Melee 1 | . . 1 . . . . 1 . . . . . . . . . . . . . . . . . . . . Uniques/NPCs Destroyed 1 | . . . . . . . . . . . . . . . . . . . . . . . 1 . . . . A5 (-4/Lab) Combat | -11 -10 -10 -10 -9 -8 -8 -8 -8 -7 -7 -7 -6 -6 -6 -6 -6 -5 -5 -5 -5 -4 -4 -4 -3 -3 -2 -2 -------- Run | Scr Mat Min Exi Min Mat Gar Mat Gar Fac Low Dat Pro Fac Gar Fac Gar Fac Gar Fac Gar Fac Arm Lab Res Tes Res Qua Damage Taken 19401 | . 481 284 . . 441 673 1232 353 865 20 559 260 309 625 114 294 . 1081 61 142 290 1113 233 1262 3722 1166 3821 Core 13455 | . 393 240 . . 356 338 665 182 594 16 326 203 247 496 90 229 . 859 47 110 233 875 182 1008 2480 750 2536 Absorbed by Shields 5525 | . . . . . . . . . . . . . . . . . . . . . . . . 840 2453 410 1822 Redirected to Core 11686 | . 282 141 . . 308 252 468 165 546 16 278 192 226 432 90 211 . 775 47 110 209 867 182 876 2027 689 2297 Core Remaining (%) 90 | 100 . . . 100 . . . 87 . . . 100 . . . 92 . . . 100 . . 63 . 82 . . Volleys Fired 814 | 5 29 . 4 . 28 53 57 22 36 6 8 26 7 38 7 8 . 44 5 20 15 56 11 92 99 27 111 Largest 7 | 1 2 . 1 . 4 5 5 5 4 4 4 4 4 4 4 4 . 4 1 3 3 3 3 4 7 7 4 Hottest 255 | 50 100 . 28 . 103 140 140 140 112 112 112 112 112 112 112 112 . 112 50 84 138 105 105 145 255 255 200 Shots Fired 2601 | 5 57 . 6 3 80 212 285 88 144 24 32 104 28 110 25 32 . 126 5 45 28 217 36 163 400 110 236 Gun 2410 | 5 56 . 4 . 65 212 285 88 144 24 32 104 28 110 25 32 . 118 . 29 10 138 25 155 399 110 212 Cannon 151 | . . . 2 3 15 . . . . . . . . . . . . 8 . 7 8 69 11 4 . . 24 Launcher 1 | . 1 . . . . . . . . . . . . . . . . . . . . . . . . . . Special 39 | . . . . . . . . . . . . . . . . . . . 5 9 10 10 . 4 1 . . Kinetic 2263 | . . . 6 3 80 212 285 88 144 24 32 104 28 110 25 32 . 126 . 36 16 207 36 91 362 100 116 Thermal 108 | 5 56 . . . . . . . . . . . . . . . . . . . 2 . . . 1 . 44 Explosive 1 | . 1 . . . . . . . . . . . . . . . . . . . . . . . . . . Electromagnetic 190 | . . . . . . . . . . . . . . . . . . . . . . . . 68 36 10 76 Robot Hit Streak 54 | 4 11 . 5 8 10 11 16 11 27 38 39 28 54 16 18 10 . 19 4 16 14 50 28 25 52 41 26 Robot Miss Streak 8 | 1 2 . . . 2 8 3 2 2 . 2 2 . 3 1 2 . 1 1 1 1 3 3 2 4 2 3 Penetration Max 2 | . . . . . 1 1 1 . 1 . 1 1 . 1 1 1 . 1 . 1 . 1 . 2 2 1 1 Secondary Targets 84 | . 3 . . . . 13 5 3 5 . 1 5 . 5 . 5 . 7 . . . 1 . 2 20 5 4 Max Gunslinging Chain 3 | . 1 . . . . 2 1 1 1 . 1 1 . 2 . 1 . 3 . . . 1 . 1 2 2 1 Autonomous 126 | . . . 2 3 15 . . . . . . . . . . . . 8 . 7 6 69 11 5 . . . Shots Hit Robots 1881 | 4 42 17 6 3 57 98 165 55 121 22 27 82 26 64 25 20 . 76 4 36 22 181 25 134 301 79 189 Core Hits 809 | 3 22 3 3 1 21 42 75 15 65 8 14 36 9 30 6 7 . 33 . 12 5 75 5 63 139 39 78 Critical Hits 67 | . . . 1 . 3 1 5 . 11 2 . 7 1 1 1 3 . 7 . 1 1 7 2 1 4 1 7 Critical Kills 24 | . . . 1 . 1 . 1 . 5 . . 3 1 . . 1 . 4 . 1 . 2 . . 2 . 2 Critical Parts Destroyed 37 | . . . . . 2 1 4 . 4 2 . 4 . 1 1 2 . 3 . . 1 5 1 . 1 1 4 Melee Attacks 102 | . 4 25 34 . . . . . 4 8 2 5 . 10 8 1 . . . . . . . . . . 1 Impact 30 | . 4 25 1 . . . . . . . . . . . . . . . . . . . . . . . . Slashing 34 | . . . 33 . . . . . . . . . . . . . . . . . . . . . . . 1 Piercing . | . . . . . . . . . . . . . . . . . . . . . . . . . . . . Sneak Attacks 28 | . 1 4 . . . . . . 4 8 2 5 . . 4 . . . . . . . . . . . . Combat Hostiles . | . . . . . . . . . . . . . . . . . . . . . . . . . . . . Follow-up Attacks 6 | . . 6 . . . . . . . . . . . . . . . . . . . . . . . . . Damage Inflicted 63153 | 50 703 622 580 278 2007 1949 4332 843 3221 333 596 1976 665 1348 559 536 . 2651 . 1177 911 10727 1018 4393 9633 2846 9199 Guns 41590 | 50 491 . . . 812 1949 4330 843 2848 333 591 1976 665 1348 548 536 . 1766 . 607 237 3735 356 2817 9283 2780 2689 Cannons 14457 | . . . 139 278 1195 . . . . . . . . . . . . 885 . 570 674 6992 662 501 . . 2561 Explosions 5704 | . 111 . . . . . . . 373 . . . . . . . . . . . . . . 1075 271 . 3874 Melee 1164 | . 101 622 441 . . . . . . . . . . . . . . . . . . . . . . . . Ramming 238 | . . . . . . . 2 . . . 5 . . . 11 . . . . . . . . . 79 66 75 Kinetic 52182 | . . . 139 278 2007 1949 4330 843 2848 333 591 1976 665 1348 548 536 . 2651 . 1177 911 10727 1018 3221 9161 2770 2155 Thermal 8073 | 50 491 . . . . . . . . . . . . . . . . . . . . . . 576 271 . 6685 Explosive 1239 | . 111 . . . . . . . 373 . . . . . . . . . . . . . . 499 . . 256 Electromagnetic 257 | . . . . . . . . . . . . . . . . . . . . . . . . 97 122 10 28 Impact 813 | . 101 622 90 . . . . . . . . . . . . . . . . . . . . . . . . Slashing 351 | . . . 351 . . . . . . . . . . . . . . . . . . . . . . . . Piercing . | . . . . . . . . . . . . . . . . . . . . . . . . . . . . Highest Corruption 20 | . . . . . . . 2 2 . . . . . . . . . . . . . 1 6 10 20 . 16 Average Corruption 7 | . . . . . . . 2 2 . . . . . . . . . . . . . 1 5 5 12 . 12 Corruption Purged . | . . . . . . . . . . . . . . . . . . . . . . . . . . . . Effects 256 | . . . . . . . 8 7 . . . . . . . . . . . . . 2 11 34 134 . 60 Message Errors 36 | . . . . . . . 1 . . . . . . . . . . . . . . 1 5 6 18 . 5 Matter Fused 32 | . . . . . . . . . . . . . . . . . . . . . . . 3 6 17 . 6 Heat Flow Errors 18 | . . . . . . . . . . . . . . . . . . . . . . . 1 8 5 . 4 Energy Discharges 12 | . . . . . . . 1 1 . . . . . . . . . . . . . 1 . 1 7 . 1 Parts Rejected 3 | . . . . . . . . . . . . . . . . . . . . . . . . . . . 3 Data Loss (minor) 24 | . . . . . . . 2 2 . . . . . . . . . . . . . . . 1 12 . 7 Data Loss (major) 3 | . . . . . . . . . . . . . . . . . . . . . . . 1 . 2 . . Misfires 3 | . . . . . . . . . . . . . . . . . . . . . . . . 1 2 . . Alerts 4 | . . . . . . . . . . . . . . . . . . . . . . . . 2 2 . . Misdirections 19 | . . . . . . . . . . . . . . . . . . . . . . . . . 7 . 12 Targeting Errors 79 | . . . . . . . 4 2 . . . . . . . . . . . . . . 1 8 47 . 17 Weapon Failures 23 | . . . . . . . . 2 . . . . . . . . . . . . . . . 1 15 . 5 Overload Shots . | . . . . . . . . . . . . . . . . . . . . . . . . . . . . Overflow Damage 2661 | . 2 162 . 80 128 . . . 11 . . . . . . . . . . . . 1148 40 246 25 . 819 Projectiles 2033 | . . . . 80 128 . . . . . . . . . . . . . . . . 1148 40 121 . . 516 Explosions 464 | . . . . . . . . . 11 . . . . . . . . . . . . . . 125 25 . 303 Melee 164 | . 2 162 . . . . . . . . . . . . . . . . . . . . . . . . . Knockbacks 56 | . 1 4 2 1 10 . . . . . . . . . . . . 1 . . 2 27 4 2 1 1 . Impact 7 | . 1 4 . . . . . . . . . . . . . . . . . . . . . . 1 1 . Kinetic 44 | . . . 2 1 8 . . . . . . . . . . . . 1 . . 2 24 4 2 . . . Secondary 5 | . . . . . 2 . . . . . . . . . . . . . . . . 3 . . . . . Self-Inflicted Damage 340 | . . . . . . . . . . . . . . . . . . . . . . . . 198 3 26 113 Shots 4 | . . . . . . . . . . . . . . . . . . . . . . . . 3 . . 1 Rammed 13 | . . . . . . . . . . . 1 . . . 2 . . . . . . . . . 6 2 2 Targets Rammed 22 | . . . . . . . 1 . . . 1 . . . 2 . . . . . . . . . 11 3 4 Kicked 8 | . . . . . . . . . . . . . . . . . . . . . . . . . 5 1 2 Crushed 1 | . . . . . . . 1 . . . . . . . . . . . . . . . . . . . . Highest Temperature 561 | 40 21 . . . 159 240 165 66 42 24 78 294 262 330 163 186 . 136 50 103 100 56 192 259 561 . 230 Average Temperature 76 | 19 8 . . . 72 62 49 30 12 10 36 93 113 87 64 56 . 37 24 26 29 26 111 108 198 . 39 Received Heat Transfer 3093 | . 129 159 . . 171 216 558 126 123 . 72 141 81 219 54 78 . 168 . 21 27 72 . 73 394 131 80 Effects 22 | . . . . . . . . . . . . . . . . . . . . . . . . . 22 . . Shutdowns 6 | . . . . . . . . . . . . . . . . . . . . . . . . . 6 . . Energy Bleed 1 | . . . . . . . . . . . . . . . . . . . . . . . . . 1 . . Interference 3 | . . . . . . . . . . . . . . . . . . . . . . . . . 3 . . Matter Decay 3 | . . . . . . . . . . . . . . . . . . . . . . . . . 3 . . Damage (minor) 3 | . . . . . . . . . . . . . . . . . . . . . . . . . 3 . . Damage (major) 5 | . . . . . . . . . . . . . . . . . . . . . . . . . 5 . . Damage (core) 1 | . . . . . . . . . . . . . . . . . . . . . . . . . 1 . . Siege Activations . | . . . . . . . . . . . . . . . . . . . . . . . . . . . . Robots Corrupted 1 | . . . . . . . . . . . . . . . . . . . . . . . . . 1 . . Combat Hostiles 1 | . . . . . . . . . . . . . . . . . . . . . . . . . 1 . . Parts Fried 6 | . . 2 . . . . . . . . . . . . . . . . . . . . . 2 2 . . Impact Corruptions 12 | . 1 8 . . . . . . . . . . . . . . . . . . . 3 . . . . . Robots Melted . | . . . . . . . . . . . . . . . . . . . . . . . . . . . . Combat Hostiles . | . . . . . . . . . . . . . . . . . . . . . . . . . . . . Parts Melted 12 | . 6 . . 1 1 . . . . . 1 1 . . 2 . . . . . . . . . . . . Heat Transferred 7229 | 148 1443 . . . . . . . . . . . . . . . . . . . . . . 650 300 . 4688 Parts Sabotaged . | . . . . . . . . . . . . . . . . . . . . . . . . . . . . Parts Stolen . | . . . . . . . . . . . . . . . . . . . . . . . . . . . . Parts Stripped . | . . . . . . . . . . . . . . . . . . . . . . . . . . . . Power Chain Reactions 9 | . . . . . . . . . . . . . . . . . . . . . . . . 6 2 . 1 Missiles Intercepted . | . . . . . . . . . . . . . . . . . . . . . . . . . . . . Alert | -11 -10 -10 -10 -9 -8 -8 -8 -8 -7 -7 -7 -6 -6 -6 -6 -6 -5 -5 -5 -5 -4 -4 -4 -3 -3 -2 -2 ------- Run | Scr Mat Min Exi Min Mat Gar Mat Gar Fac Low Dat Pro Fac Gar Fac Gar Fac Gar Fac Gar Fac Arm Lab Res Tes Res Qua Peak Influence 1203 | 10 273 60 . 55 353 1144 674 599 423 . . . 300 1184 1203 1071 562 838 755 571 359 504 . 338 442 468 458 Initial 662 | . 6 . . . 21 229 557 284 314 . . . 184 105 621 662 562 393 439 394 299 60 . . . 213 150 Average 360 | 3 112 26 . 54 214 736 369 459 206 . . . 231 764 938 951 562 652 526 518 193 245 . 63 179 308 208 Maximum Alert Level 4 | . 1 . . . 1 4 2 2 2 . . . 1 4 4 3 2 3 3 2 1 2 . 1 2 2 2 Low Security (%) 36 | 100 88 100 . 100 45 . 19 . 40 . . . 6 3 . . . . . . 50 45 . 95 61 . 37 Level 1 27 | . 11 . . . 54 19 42 27 53 . . . 93 5 . . . 1 . 4 49 39 . 4 30 75 60 Level 2 21 | . . . . . . 25 38 72 5 . . . . 33 17 13 100 73 81 95 . 14 . . 7 24 1 Level 3 11 | . . . . . . 44 . . . . . . . 46 62 86 . 25 18 . . . . . . . . Level 4 1 | . . . . . . 10 . . . . . . . 10 20 . . . . . . . . . . . . Level 5 . | . . . . . . . . . . . . . . . . . . . . . . . . . . . . High Security . | . . . . . . . . . . . . . . . . . . . . . . . . . . . . Max Security . | . . . . . . . . . . . . . . . . . . . . . . . . . . . . Squads Dispatched 62 | . 1 . . 1 3 . 6 . 7 . . 1 1 . 4 . . . . . 2 7 . 6 15 . 8 Investigation 9 | . 1 . . 1 . . 2 . 2 . . . . . 2 . . . . . . . . 1 . . . Extermination 12 | . . . . . . . . . 4 . . . . . . . . . . . 1 1 . 2 2 . 2 Reinforcement 22 | . . . . . . . 3 . 1 . . . . . . . . . . . 1 2 . 3 9 . 3 Assault 6 | . . . . . . . . . . . . 1 1 . 1 . . . . . . 2 . . 1 . . Garrison 9 | . . . . . 3 . 1 . . . . . . . 1 . . . . . . . . . 1 . 3 Intercept 4 | . . . . . . . . . . . . . . . . . . . . . . 2 . . 2 . . Construction Impeded 3 | . . . . . . . . . . . . . . . . . . . . . . . . 2 . . 1 Haulers Reinforced 2 | . . . . . . . . . . . . . . . . . . . . . . . . 1 1 . . Stealth | -11 -10 -10 -10 -9 -8 -8 -8 -8 -7 -7 -7 -6 -6 -6 -6 -6 -5 -5 -5 -5 -4 -4 -4 -3 -3 -2 -2 --------- Run | Scr Mat Min Exi Min Mat Gar Mat Gar Fac Low Dat Pro Fac Gar Fac Gar Fac Gar Fac Gar Fac Arm Lab Res Tes Res Qua Distress Signals 29 | . 2 . . . 2 . 8 . . . . . . . . . . . 1 . 1 5 . 2 3 2 3 Communications Jammed . | . . . . . . . . . . . . . . . . . . . . . . . . . . . . Distress Signals . | . . . . . . . . . . . . . . . . . . . . . . . . . . . . Times Spotted 598 | . 21 2 . 2 18 30 69 10 35 1 4 24 4 34 13 17 . 24 6 12 19 73 1 31 83 18 47 Peak Tracking Total 14 | . 4 2 . 2 5 6 7 3 7 1 4 7 3 4 5 6 . 5 3 5 5 10 1 4 14 8 5 Tactical Retreats 25 | . . . . . . . 13 1 1 . . . . 1 . 1 . 3 . . . 1 . 1 1 1 1 Traps | -11 -10 -10 -10 -9 -8 -8 -8 -8 -7 -7 -7 -6 -6 -6 -6 -6 -5 -5 -5 -5 -4 -4 -4 -3 -3 -2 -2 ------- Run | Scr Mat Min Exi Min Mat Gar Mat Gar Fac Low Dat Pro Fac Gar Fac Gar Fac Gar Fac Gar Fac Arm Lab Res Tes Res Qua Traps Triggered 30 | . 3 . . . . 6 4 . 4 . . . 1 . 1 . . 2 . 3 1 1 . 1 1 . 2 Indirectly . | . . . . . . . . . . . . . . . . . . . . . . . . . . . . Trap Hack Attempts . | . . . . . . . . . . . . . . . . . . . . . . . . . . . . Triggered . | . . . . . . . . . . . . . . . . . . . . . . . . . . . . Disarmed . | . . . . . . . . . . . . . . . . . . . . . . . . . . . . Reprogrammed 4 | . . . . . . . . . . . . . . . . . . . . . . . . . . . 4 Reused 2 | . . . . . . . . . . . . . . . . . . . . . . . . . . . 2 Traps Extracted . | . . . . . . . . . . . . . . . . . . . . . . . . . . . . Installed . | . . . . . . . . . . . . . . . . . . . . . . . . . . . . Triggered 2 | . . . . . . . . . . . . . . . . . . . . . . . . . . . 2 Machines | -11 -10 -10 -10 -9 -8 -8 -8 -8 -7 -7 -7 -6 -6 -6 -6 -6 -5 -5 -5 -5 -4 -4 -4 -3 -3 -2 -2 ---------- Run | Scr Mat Min Exi Min Mat Gar Mat Gar Fac Low Dat Pro Fac Gar Fac Gar Fac Gar Fac Gar Fac Arm Lab Res Tes Res Qua Machines Disabled 79 | . 1 . 2 . . 3 2 2 7 1 . . . 7 . 1 . 2 . 2 1 6 1 5 18 . 18 Max in Single Turn 4 | . 1 . 1 . . 1 1 1 4 1 . . . 1 . 1 . 1 . 1 . 1 1 1 2 . 4 Garrison Access 3 | . . . . . . . . . . . . . 1 . . . . . . . . . . . 1 . 1 Garrison Relay 15 | . . . . . . 3 . 2 . . . . . 5 . 1 . 2 . 2 . . . . . . . Machines Sabotaged . | . . . . . . . . . . . . . . . . . . . . . . . . . . . . Garrisons Compromised . | . . . . . . . . . . . . . . . . . . . . . . . . . . . . Overloaded Fab Kills . | . . . . . . . . . . . . . . . . . . . . . . . . . . . . Fab Network Shutdowns 4 | . . . . . . . . . . . . . . . 1 . . . 1 . 1 . . 1 . . . Hacking | -11 -10 -10 -10 -9 -8 -8 -8 -8 -7 -7 -7 -6 -6 -6 -6 -6 -5 -5 -5 -5 -4 -4 -4 -3 -3 -2 -2 --------- Run | Scr Mat Min Exi Min Mat Gar Mat Gar Fac Low Dat Pro Fac Gar Fac Gar Fac Gar Fac Gar Fac Arm Lab Res Tes Res Qua Machines Accessed 70 | . 9 . 5 1 1 . 4 . 4 2 4 . 2 . 3 . 1 . 5 . 2 5 2 5 8 1 6 Terminals 36 | . 8 . . . . . 3 . 2 . . . 1 . 1 . . . 2 . 1 4 . 3 5 1 5 Fabricators 10 | . . . . . . . . . 2 . . . . . 1 . . . 2 . 1 1 . 2 1 . . Repair Stations . | . . . . . . . . . . . . . . . . . . . . . . . . . . . . Recycling Units 1 | . 1 . . . . . . . . . . . . . . . . . . . . . . . . . . Scanalyzers 1 | . . . . . . . . . . . . . . . . . . . . . . . . . 1 . . Garrison Access 8 | . . . . . 1 . 1 . . . . . 1 . 1 . 1 . 1 . . . . . 1 . 1 Total Hacks 240 | . 36 . 50 1 1 . 12 . 13 9 24 . 3 . 7 . 1 . 9 . 7 10 20 10 15 2 10 Successful 200 | . 25 . 50 1 1 . 9 . 7 9 24 . 2 . 4 . 1 . 7 . 5 5 20 7 13 1 9 Failed 40 | . 11 . . . . . 3 . 6 . . . 1 . 3 . . . 2 . 2 5 . 3 2 1 1 Catastrophic 4 | . . . . . . . 1 . 1 . . . . . . . . . . . . 1 . 1 . . . Database Lockouts . | . . . . . . . . . . . . . . . . . . . . . . . . . . . . Manual 72 | . 25 . 1 . . . 7 . 7 . . . 2 . 4 . . . 5 . 2 2 1 5 8 . 3 Terminals 102 | . 34 . . . . . 11 . 7 . . . 2 . 4 . . . 4 . 4 8 . 7 11 2 8 Fabricators 22 | . . . . . . . . . 6 . . . . . 2 . . . 4 . 3 2 . 3 2 . . Repair Stations . | . . . . . . . . . . . . . . . . . . . . . . . . . . . . Recycling Units 2 | . 2 . . . . . . . . . . . . . . . . . . . . . . . . . . Scanalyzers 1 | . . . . . . . . . . . . . . . . . . . . . . . . . 1 . . Garrison Access 9 | . . . . . 1 . 1 . . . . . 1 . 1 . 1 . 1 . . . . . 1 . 2 Terminal Hacks 150 | . 16 . 50 1 . . 6 . 1 9 24 . 1 . 2 . . . 1 . 2 2 20 2 4 1 8 Record 91 | . . . 49 . . . . . . 8 11 . . . . . . . . . . . 20 1 . . 2 Part Schematic 8 | . . . . . . . . . 1 . 6 . . . . . . . 1 . . . . . . . . Robot Schematic 5 | . 1 . . . . . . . . . 4 . . . . . . . . . . . . . . . . Robot Analysis 2 | . 2 . . . . . . . . . . . . . . . . . . . . . . . . . . Prototype ID Bank 4 | . . . . . . . . . . . 3 . . . . . . . . . . . . . 1 . . Open Door 6 | . . . . 1 . . . . . 1 . . . . . . . . . . . 1 . . 1 1 1 Branch Access Points 3 | . 1 . . . . . . . . . . . . . . . . . . . . . . 1 1 . . Emergency Access Points 1 | . 1 . . . . . . . . . . . . . . . . . . . . . . . . . . Terminal Index 1 | . 1 . . . . . . . . . . . . . . . . . . . . . . . . . . Garrison Index 1 | . . . . . . . 1 . . . . . . . . . . . . . . . . . . . . Alert Level 1 | . 1 . . . . . . . . . . . . . . . . . . . . . . . . . . Unreport Threat 18 | . 3 . . . . . 5 . . . . . 1 . 2 . . . . . 2 1 . . . . 4 Locate Traps 1 | . 1 . . . . . . . . . . . . . . . . . . . . . . . . . . Reprogram Traps 1 | . . . . . . . . . . . . . . . . . . . . . . . . . . . 1 Transport Status 1 | . 1 . . . . . . . . . . . . . . . . . . . . . . . . . . Zone Layout 4 | . 4 . . . . . . . . . . . . . . . . . . . . . . . . . . EX-Prototype ID Bank 1 | . . . 1 . . . . . . . . . . . . . . . . . . . . . . . . Protovariant Controls 1 | . . . . . . . . . . . . . . . . . . . . . . . . . 1 . . Fabricator Hacks 19 | . . . . . . . . . 5 . . . . . 1 . . . 4 . 2 2 . 3 2 . . Network Status 1 | . . . . . . . . . 1 . . . . . . . . . . . . . . . . . . Load Schematic 8 | . . . . . . . . . 2 . . . . . . . . . 2 . 1 1 . 1 1 . . Build 10 | . . . . . . . . . 2 . . . . . 1 . . . 2 . 1 1 . 2 1 . . Repair Station Hacks . | . . . . . . . . . . . . . . . . . . . . . . . . . . . . Recycling Unit Hacks 1 | . 1 . . . . . . . . . . . . . . . . . . . . . . . . . . Report Inventory 1 | . 1 . . . . . . . . . . . . . . . . . . . . . . . . . . Scanalyzer . | . . . . . . . . . . . . . . . . . . . . . . . . . . . . Garrison Access Hacks 8 | . . . . . 1 . 1 . . . . . 1 . 1 . 1 . 1 . . . . . 1 . 1 Unlock Access 6 | . . . . . 1 . 1 . . . . . 1 . 1 . 1 . 1 . . . . . . . . Seal Access 2 | . . . . . . . . . . . . . . . . . . . . . . . . . 1 . 1 Unauthorized Hacks 22 | . 8 . . . . . 2 . 1 . . . . . . . . . 1 . 1 1 . 2 6 . . Terminals 20 | . 7 . . . . . 2 . 1 . . . . . . . . . 1 . 1 1 . 2 5 . . Track 4 | . 2 . . . . . . . . . . . . . . . . . . . . . . . 2 . . Assimilate 3 | . 2 . . . . . 1 . . . . . . . . . . . . . . . . . . . . Botnet 11 | . 2 . . . . . 1 . 1 . . . . . . . . . 1 . 1 1 . 2 2 . . Operators 2 | . 1 . . . . . . . . . . . . . . . . . . . . . . . 1 . . Fabricators . | . . . . . . . . . . . . . . . . . . . . . . . . . . . . Repair Stations . | . . . . . . . . . . . . . . . . . . . . . . . . . . . . Recycling Units 1 | . 1 . . . . . . . . . . . . . . . . . . . . . . . . . . Recyclers 1 | . 1 . . . . . . . . . . . . . . . . . . . . . . . . . . Scanalyzers 1 | . . . . . . . . . . . . . . . . . . . . . . . . . 1 . . Researchers 1 | . . . . . . . . . . . . . . . . . . . . . . . . . 1 . . Garrison Access . | . . . . . . . . . . . . . . . . . . . . . . . . . . . . Data Cores Recovered 1 | . . . . . . . . . . . . . . . . . . . . . 1 . . . . . . Used 1 | . . . . . . . . . . . . . . . . . . . . . 1 . . . . . . Hacking Detections 34 | . 6 . . . . . 3 . 4 . . . 1 . 2 . . . 3 . 2 3 . 3 5 1 1 Full Trace Events 4 | . . . . . . . 1 . 1 . . . . . 1 . . . . . . . . 1 . . . Feedback Events . | . . . . . . . . . . . . . . . . . . . . . . . . . . . . Feedback Blocked . | . . . . . . . . . . . . . . . . . . . . . . . . . . . . Robot Schematics Acquired 5 | . 1 . . . . . . . . . 4 . . . . . . . . . . . . . . . . Robots Built 14 | . . . . . . . . . 1 . . . . . 4 . . . . . 3 2 . 2 2 . . Matter 2028 | . . . . . . . . . 153 . . . . . 252 . . . . . 285 318 . 702 318 . . Time 688 | . . . . . . . . . 81 . . . . . 44 . . . . . 152 169 . 186 56 . . Total Robot Build Rating 68 | . . . . . . . . . 1 . . . . . 16 . . . . . 15 12 . 12 12 . . Part Schematics Acquired 8 | . . . . . . . . . 1 . 6 . . . . . . . 1 . . . . . . . . Parts Built 3 | . . . . . . . . . 1 . . . . . . . . . 2 . . . . . . . . Matter 760 | . . . . . . . . . 190 . . . . . . . . . 570 . . . . . . . . Time 275 | . . . . . . . . . 47 . . . . . . . . . 228 . . . . . . . . Total Part Build Rating 15 | . . . . . . . . . 5 . . . . . . . . . 10 . . . . . . . . Parts Repaired . | . . . . . . . . . . . . . . . . . . . . . . . . . . . . Time . | . . . . . . . . . . . . . . . . . . . . . . . . . . . . Parts Recycled . | . . . . . . . . . . . . . . . . . . . . . . . . . . . . Recycled Matter . | . . . . . . . . . . . . . . . . . . . . . . . . . . . . Retrieved Matter . | . . . . . . . . . . . . . . . . . . . . . . . . . . . . Retrieved Components . | . . . . . . . . . . . . . . . . . . . . . . . . . . . . Parts Scanalyzed . | . . . . . . . . . . . . . . . . . . . . . . . . . . . . Part Schematics Acquired . | . . . . . . . . . . . . . . . . . . . . . . . . . . . . Parts Damaged . | . . . . . . . . . . . . . . . . . . . . . . . . . . . . Bothacking | -11 -10 -10 -10 -9 -8 -8 -8 -8 -7 -7 -7 -6 -6 -6 -6 -6 -5 -5 -5 -5 -4 -4 -4 -3 -3 -2 -2 ------------ Run | Scr Mat Min Exi Min Mat Gar Mat Gar Fac Low Dat Pro Fac Gar Fac Gar Fac Gar Fac Gar Fac Arm Lab Res Tes Res Qua Used RIF Installer 6 | . . . . . . 1 . 1 . . . . . 1 . 1 . 1 . 1 . . . . . . . Threat Obfuscator 2 | . . . . . . . . . . . . . . . . 1 . . . 1 . . . . . . . Zone Cloak 1 | . . . . . . . . . . . . . . 1 . . . . . . . . . . . . . Watcher Feeds 1 | . . . . . . . . 1 . . . . . . . . . . . . . . . . . . . Program Shield 1 | . . . . . . . . . . . . . . . . . . 1 . . . . . . . . . Robots Hacked 48 | . . . . . . . . . 2 . 1 . . 10 6 1 . . 3 8 7 8 . 1 1 . . Non-combat 7 | . . . . . . . . . 2 . . . . . 2 . . . 1 . 1 . . 1 . . . Combat 41 | . . . . . . . . . . . 1 . . 10 4 1 . . 2 8 6 8 . . 1 . . Robot Hacks Applied 56 | . . . . . . . . . 4 . 1 . . 10 8 1 . . 4 8 8 8 . 3 1 . . parse_system 4 | . . . . . . . . . . . 1 . . . 1 . . . 1 1 . . . . . . . no_distress 2 | . . . . . . . . . . . . . . . 2 . . . . . . . . . . . . ignore_repairs 1 | . . . . . . . . . 1 . . . . . . . . . . . . . . . . . . drop_inventory 1 | . . . . . . . . . . . . . . . 1 . . . . . . . . . . . . purge_threat 6 | . . . . . . . . . 3 . . . . . . . . . . . 1 . . 2 . . . block_reporting 2 | . . . . . . . . . . . . . . . . . . . . . 1 . . 1 . . . mark_security 1 | . . . . . . . . . . . . . . . . . . . 1 . . . . . . . . locate_prototypes 1 | . . . . . . . . . . . . . . . . . . . . . . . . . 1 . . reboot_system 2 | . . . . . . . . . . . . . . . . . . . . . . 2 . . . . . overwrite_iff 12 | . . . . . . . . . . . . . . . 1 . . . 2 4 4 1 . . . . . formatsys_high 24 | . . . . . . . . . . . . . . 10 3 1 . . . 3 2 5 . . . . . Relay Couplers Released 31 | . . . . . . 6 . 4 . . . . 1 10 . 2 . 4 . 4 . . . . . . . Machine Destruction 31 | . . . . . . 6 . 4 . . . . 1 10 . 2 . 4 . 4 . . . . . . . Attached 17 | . . . . . . 3 . 1 . . . . . 4 1 2 . 2 . 2 1 1 . . . . . Robots Rewired 16 | . . . 3 . . . . . . 4 . 2 . . . . . . . . . . . 3 . 1 3 Allies Hacked 2 | . . . . . . . . . . . . . . . . . . . . . . . . 2 . . . Hacks Repelled . | . . . . . . . . . . . . . . . . . . . . . . . . . . . . Allies | -11 -10 -10 -10 -9 -8 -8 -8 -8 -7 -7 -7 -6 -6 -6 -6 -6 -5 -5 -5 -5 -4 -4 -4 -3 -3 -2 -2 -------- Run | Scr Mat Min Exi Min Mat Gar Mat Gar Fac Low Dat Pro Fac Gar Fac Gar Fac Gar Fac Gar Fac Arm Lab Res Tes Res Qua Total Allies 90 | . 1 . 3 1 . . . . 1 4 . 2 . 10 8 1 . . 2 7 9 8 . 5 2 1 25 Largest Group 16 | . 1 1 3 3 2 . . . 1 4 4 3 . 10 13 5 2 2 1 3 7 6 . 4 2 1 16 Highest-Rated Group 327 | . 10 10 37 59 28 . . . 11 119 119 77 . 308 327 159 79 79 12 87 291 277 . 204 92 69 272 Highest-Rated Ally 69 | . 10 10 21 31 21 . . . 11 31 31 31 . 47 47 47 47 47 12 29 64 64 . 64 46 69 64 Total Orders 6 | . . . 4 . . . . . 1 . . . . . . . . . . . . . . 1 . . . STAY 3 | . . . 3 . . . . . . . . . . . . . . . . . . . . . . . . FOLLOW 1 | . . . 1 . . . . . . . . . . . . . . . . . . . . . . . . GUARD 1 | . . . . . . . . . . . . . . . . . . . . . . . . 1 . . . AID 1 | . . . . . . . . . 1 . . . . . . . . . . . . . . . . . . Ally Attacks 664 | . . . . 6 10 . . . . . 40 38 . 33 115 57 . 7 7 16 66 118 . 39 14 2 96 Total Damage 13472 | . . . . 111 168 . . . . . 415 582 . 605 1843 1064 . 258 45 205 1017 3046 . 1173 301 22 2617 Kills 93 | . . . . 1 2 . . . . . 3 7 . 6 11 10 . 1 1 . 9 24 . 4 2 . 12 Allies Corrupted 1 | . . . . . . . . . . . . . . . . . . . . . . . . 1 . . . Allies Melted . | . . . . . . . . . . . . . . . . . . . . . . . . . . . . Intel | -11 -10 -10 -10 -9 -8 -8 -8 -8 -7 -7 -7 -6 -6 -6 -6 -6 -5 -5 -5 -5 -4 -4 -4 -3 -3 -2 -2 ------- Run | Scr Mat Min Exi Min Mat Gar Mat Gar Fac Low Dat Pro Fac Gar Fac Gar Fac Gar Fac Gar Fac Arm Lab Res Tes Res Qua Robot Analysis Total 117 | . 2 . . . . . . . . . 115 . . . . . . . . . . . . . . . . Derelict Logs Recovered 5 | . . 3 . . . . . . . 1 . 1 . . . . . . . . . . . . . . . Drone Launches . | . . . . . . . . . . . . . . . . . . . . . . . . . . . . Drone Recoveries . | . . . . . . . . . . . . . . . . . . . . . . . . . . . . Exploration | -11 -10 -10 -10 -9 -8 -8 -8 -8 -7 -7 -7 -6 -6 -6 -6 -6 -5 -5 -5 -5 -4 -4 -4 -3 -3 -2 -2 ------------- Run | Scr Mat Min Exi Min Mat Gar Mat Gar Fac Low Dat Pro Fac Gar Fac Gar Fac Gar Fac Gar Fac Arm Lab Res Tes Res Qua Turns Passed 19941 | 54 812 258 1519 399 301 720 1258 361 1528 826 245 690 206 1205 550 430 24 1022 505 442 793 938 389 1226 1643 427 1170 Spaces Moved 11159 | 49 721 212 1201 261 176 475 742 186 839 547 120 281 94 673 322 248 14 482 177 224 423 433 208 572 680 216 583 Core 6 | 2 . 4 . . . . . . . . . . . . . . . . . . . . . . . . . Treads 6611 | . . . . . . . 283 186 839 547 120 281 94 673 322 248 14 482 177 224 423 433 208 572 485 . . Legs 998 | . . 4 . . . . . . . . . . . . . . . . . . . . . . 195 216 583 Wheels 3544 | 47 721 204 1201 261 176 475 459 . . . . . . . . . . . . . . . . . . . . Hover . | . . . . . . . . . . . . . . . . . . . . . . . . . . . . Flight . | . . . . . . . . . . . . . . . . . . . . . . . . . . . . Fastest Speed 50 | 50 80 90 80 140 90 100 110 145 145 145 145 145 145 145 145 145 145 145 165 165 160 160 160 160 120 120 120 Average Speed 134 | 78 85 94 105 140 114 100 123 145 145 145 145 145 145 145 145 145 145 162 165 165 169 161 160 160 148 120 120 Slowest Speed 250 | 80 100 250 140 140 150 110 165 145 145 145 145 145 145 145 145 145 145 165 165 165 180 170 160 160 160 130 120 Overloaded Moves . | . . . . . . . . . . . . . . . . . . . . . . . . . . . . Propulsion Burnouts . | . . . . . . . . . . . . . . . . . . . . . . . . . . . . Robots Hopped . | . . . . . . . . . . . . . . . . . . . . . . . . . . . . Cave-ins Triggered . | . . . . . . . . . . . . . . . . . . . . . . . . . . . . Teleports 1 | . . . . . . . . . . . . . . . . . . . . . . . 1 . . . . Exploration Rate (%) 47 | 3 95 46 97 57 22 77 72 51 31 77 79 57 6 84 10 42 1 65 8 36 15 49 99 21 69 8 62 Regions Visited 27 Branch Regions 10 Pre-discovered Areas 27 | . . 1 1 . . . . . . . 25 . . . . . . . . . . . . . . . . Known Exits Taken 17 | . 1 . . . 1 . 1 . 1 1 1 1 1 . 1 . 1 . 1 . 1 1 1 1 1 1 . Unknown Exits Taken 4 | 1 . 1 1 1 . . . . . . . . . . . . . . . . . . . . . . . Scrap Searched 9 | . . 2 . 1 . . . . . 6 . . . . . . . . . . . . . . . . . Spaces Dug 32 | . 1 2 . . . 1 . . . . . . . . . . . . . . 2 5 . . . 1 20 Terrain Destroyed 685 | . 6 2 118 . 2 4 6 9 12 1 . 2 . 10 5 3 . 7 . 2 2 35 4 96 102 15 242 Melee 4 | . 1 2 . . . . . . . . . . . . . . . . . . . . . . . . 1 Projectile 275 | . . . . . 2 4 6 9 3 1 . 2 . 10 5 3 . 7 . 2 2 35 4 26 94 15 45 AOE 406 | . 5 . 118 . . . . . 9 . . . . . . . . . . . . . . 70 8 . 196 Terrain Rammed . | . . . . . . . . . . . . . . . . . . . . . . . . . . . . Walls Destroyed . | . . . . . . . . . . . . . . . . . . . . . . . . . . . . Machines Disabled . | . . . . . . . . . . . . . . . . . . . . . . . . . . . . Actions | -11 -10 -10 -10 -9 -8 -8 -8 -8 -7 -7 -7 -6 -6 -6 -6 -6 -5 -5 -5 -5 -4 -4 -4 -3 -3 -2 -2 --------- Run | Scr Mat Min Exi Min Mat Gar Mat Gar Fac Low Dat Pro Fac Gar Fac Gar Fac Gar Fac Gar Fac Arm Lab Res Tes Res Qua Total 14432 | 57 853 243 1415 295 243 637 922 225 1055 561 169 498 146 823 384 297 17 634 390 274 490 568 245 750 1072 321 848 Wait 1300 | . 63 1 129 26 11 12 48 . 116 1 5 169 36 52 37 25 3 46 204 3 19 19 . 30 141 34 70 Move 11138 | 48 720 211 1200 260 176 474 742 185 838 546 119 280 94 672 321 247 14 481 177 223 422 432 207 571 680 215 583 Hop . | . . . . . . . . . . . . . . . . . . . . . . . . . . . . Pick Up 36 | . 1 . . 2 2 . . . 2 . . 2 . 5 . . . 6 1 . 2 . 2 . 3 . 8 Fast Attach 115 | 4 7 4 8 3 8 9 9 . 6 . 4 . . 3 . 1 . 5 . 1 4 5 11 3 8 4 8 Attach 7 | . . . . . . . . . . . 1 . . 1 . . . 1 . . . . . 2 . . 2 Detach 17 | . . . . . 1 1 . . 2 . 1 . . 1 . 1 . 2 . 1 . 1 1 . 5 . . Swap 34 | . 4 . 1 . . 1 . 1 4 . . . . . 1 1 . . 1 2 7 1 2 . 5 . 3 Drop 105 | . 6 3 11 3 7 5 2 . 1 . 2 1 1 2 . . . 8 2 1 8 4 11 1 8 2 16 Fire 814 | 5 29 . 4 . 28 53 57 22 36 6 8 26 7 38 7 8 . 44 5 20 15 56 11 92 99 27 111 Melee 92 | . 3 16 34 . . . . . 4 8 2 5 . 10 8 1 . . . . . . . . . . 1 Ram . | . . . . . . . . . . . . . . . . . . . . . . . . . . . . Kick 12 | . . . . . . . . . . . . . . . . . . . . . . . . . 5 3 4 Crush 9 | . . . . . . . 1 . . . 1 . . . 2 . . . . . . . . . 5 . . Escape Stasis 70 | . . . . . . 40 . . . . . . . 2 . . . 4 . 6 . . . . 6 12 . Rewire 36 | . . . 21 . . . . . . . . . . . 1 . . . . . . . . 6 . 2 6 Trap . | . . . . . . . . . . . . . . . . . . . . . . . . . . . . Miscellaneous 647 | . 20 8 7 1 10 42 63 17 46 . 26 15 8 37 7 13 . 37 . 17 13 50 . 45 107 22 36 Route ------- -11/Scrapyard -10/Materials (discovered 4 exits: [*Mat x3] / *Min) -10/Mines -10/Exiles (discovered 2 exits: *Min x2) -9/Mines -8/Materials (discovered 3 exits: Sto x2 / Gar) -8/Garrison (discovered 2 exits: *Mat x2) -8/Materials (discovered 4 exits: Fac / *Sto x2 / Gar) -8/Garrison -7/Factory -7/Lower Caves (discovered 2 exits: *Low / *Dat) -7/Data Miner -6/Proximity Caves -6/Factory -6/Garrison (discovered 3 exits: *Fac x3) -6/Factory (discovered 2 exits: *Fac / Gar) -6/Garrison -5/Factory -5/Garrison -5/Factory -5/Garrison (discovered 2 exits: *Fac x2) -4/Factory (discovered 3 exits: *Res / [Upp] / *Arm) -4/Armory (discovered 3 exits: *Res x2 / *Lab) -4/Lab -3/Research (discovered 2 exits: *Tes x2) -3/Testing -2/Research -2/Quarantine (discovered 1 exit: *Acc) History --------- Turn | Location | Event 7 | -11/Scrapyard | Discovered new exit (range 13) 55 | -11/Scrapyard | Entered Materials 127 | -10/Materials | Upgraded with Weapon slot (x1) 255 | -10/Materials | Identified exit to Mines 420 | -10/Materials | Discovered new exit (range 15) 472 | -10/Materials | Build established: Hacker-Mutant 551 | -10/Materials | Reached level 2 567 | -10/Materials | Upgraded with Weapon slot (x1) 722 | -10/Materials | Discovered new exit (range 8) 779 | -10/Materials | Discovered new exit (range 11) 867 | -10/Materials | Entered Mines 867 | -10/Mines | Accompanied by 1 ally 871 | -10/Mines | Met a Derelict bent on vengeance 901 | -10/Mines | Learned location of Recycling (-8) 959 | -10/Mines | Found a damaged Exp. Sensor Array with a note attached 963 | -10/Mines | Found Prototype Device 963 | -10/Mines | Identified Exp. Sensor Array 977 | -10/Mines | Learned 2 Materials zone layouts 1068 | -10/Mines | Deemed a non-threat by the Exiles lab entrance 1068 | -10/Mines | Discovered new exit (range 5) 1125 | -10/Mines | Entered Exiles 1125 | -10/Exiles | Found Exiles lab destroyed 1140 | -10/Exiles | Discovered new exit (range 15) 1236 | -10/Exiles | Opened EX-Vault 1244 | -10/Exiles | Found AWS/Autocannon 1928 | -10/Exiles | Learned location of Zion (-6) 2494 | -10/Exiles | Build established: Hacker-Skirmisher 2575 | -10/Exiles | Discovered new exit (range 11) 2644 | -10/Exiles | Entered Mines 2644 | -9/Mines | Accompanied by 3 allies 2646 | -9/Mines | Reached level 3 2663 | -9/Mines | Upgraded with Weapon slot (x1) 2728 | -9/Mines | Received a Rocket Launcher from a helpful Derelict 2765 | -9/Mines | Received a Mining Laser from a helpful Derelict 2824 | -9/Mines | A weapon hastily lodged in a ceiling crevice suddenly fell to the ground 2859 | -9/Mines | Met a Derelict shopkeep closing up shop 2996 | -9/Mines | Discovered new exit (range 16) 3043 | -9/Mines | Entered Materials 3043 | -8/Materials | Accompanied by 2 allies 3044 | -8/Materials | Identified exit to Storage 3045 | -8/Materials | Reached level 4 3069 | -8/Materials | Garrison activated, responded to threat 3150 | -8/Materials | Reached level 5 3181 | -8/Materials | Upgraded with Utility slot (x1) 3181 | -8/Materials | Upgraded with Weapon slot (x1) 3327 | -8/Materials | Discovered exit to Storage (range 10) 3344 | -8/Materials | Identified exit to Garrison 3344 | -8/Materials | Entered Garrison 3372 | -8/Garrison | Triggered checkpoint 3407 | -8/Garrison | Reached level 6 3433 | -8/Garrison | Garrison Relay disabled 3435 | -8/Garrison | Upgraded with Utility slot (x1) 3482 | -8/Garrison | Triggered checkpoint 3521 | -8/Garrison | Discovered new exit (range 13) 3553 | -8/Garrison | Installed Relay Interface Framework 3583 | -8/Garrison | Triggered checkpoint 3605 | -8/Garrison | Garrison Relay disabled 3605 | -8/Garrison | Reached level 7 3654 | -8/Garrison | Triggered checkpoint 3701 | -8/Garrison | Destroyed 7 combat bots 3776 | -8/Garrison | Triggered checkpoint 3806 | -8/Garrison | Garrison Relay disabled 3806 | -8/Garrison | Reached level 8 3825 | -8/Garrison | Upgraded with Utility slot (x2) 3914 | -8/Garrison | Triggered checkpoint 4025 | -8/Garrison | Discovered new exit (range 15) 4064 | -8/Garrison | Entered Materials 4064 | -8/Materials | Discovered exit to Storage (range 7) 4170 | -8/Materials | Reached level 9 4263 | -8/Materials | Build established: Hacker-Gunner 4294 | -8/Materials | Upgraded with Propulsion slot (x1) 4445 | -8/Materials | Discovered exit to Storage (range 3) 4615 | -8/Materials | Discovered new exit (range 17) 4712 | -8/Materials | Reached level 10 5063 | -8/Materials | Reached level 11 5093 | -8/Materials | Upgraded with Propulsion slot (x1) 5124 | -8/Materials | Build established: Hacker-Skirmisher 5260 | -8/Materials | Garrison activated, responded to threat 5322 | -8/Materials | Identified exit to Garrison 5322 | -8/Materials | Entered Garrison 5380 | -8/Garrison | Triggered checkpoint 5422 | -8/Garrison | Garrison Relay disabled 5477 | -8/Garrison | Reached level 12 5562 | -8/Garrison | Triggered checkpoint 5594 | -8/Garrison | Garrison Relay disabled 5604 | -8/Garrison | Discovered new exit (range 12) 5668 | -8/Garrison | Identified exit to Factory 5677 | -8/Garrison | Expanded RIF knowledge: Patrol Navigation 5683 | -8/Garrison | Entered Factory 5685 | -7/Factory | Reached level 13 6059 | -7/Factory | Destroyed 7 combat bots 6145 | -7/Factory | Fabricated M-13 Machinist (x1) 6230 | -7/Factory | Build established: Hacker-Assassin 6415 | -7/Factory | Reached level 14 6440 | -7/Factory | Fabricated Imp. Armor Integrity Analyzer? 6713 | -7/Factory | Upgraded with Utility slot (x1) 6890 | -7/Factory | Discovered new exit (range 14) 7019 | -7/Factory | Reached level 15 7178 | -7/Factory | Identified exit to Lower Caves 7211 | -7/Factory | Entered Lower Caves 7425 | -7/Lower Caves | Learned Extension terminal intel 7425 | -7/Lower Caves | Learned Armory garrison access intel 7786 | -7/Lower Caves | Learned Factory interactive machine intel 7966 | -7/Lower Caves | Discovered new exit (range 8) 7967 | -7/Lower Caves | A Derelict revealed a hidden shortcut to meet someone special 7975 | -7/Lower Caves | Identified exit to Data Miner 7976 | -7/Lower Caves | Identified exit to Lower Caves 8037 | -7/Lower Caves | Entered Data Miner 8037 | -7/Data Miner | Accompanied by 4 allies 8037 | -7/Data Miner | Discovered new exit (range 6) 8062 | -7/Data Miner | Met Data Miner 8104 | -7/Data Miner | Learned location of Section 7 (-2) 8104 | -7/Data Miner | Acquired the access code to Warlord's prototype stash 8123 | -7/Data Miner | Received God Mode back door access code from Data Miner 8139 | -7/Data Miner | Reached level 16 8139 | -7/Data Miner | Interfaced with the Data Conduit 8141 | -7/Data Miner | Upgraded with Utility slot (x1) 8168 | -7/Data Miner | Core integrity fell below 50% 8237 | -7/Data Miner | Found Exp. Thermal Shield 8239 | -7/Data Miner | Upgraded with Power slot (x1) 8274 | -7/Data Miner | Identified exit to Proximity Caves 8282 | -7/Data Miner | Entered Proximity Caves 8282 | -6/Proximity Caves | Accompanied by 2 allies 8356 | -6/Proximity Caves | Attracted the attention of an 0b10 outpost 8372 | -6/Proximity Caves | Reached level 17 8692 | -6/Proximity Caves | Learned Factory machine intel 8710 | -6/Proximity Caves | Discovered new exit (range 17) 8739 | -6/Proximity Caves | Identified exit to Factory 8751 | -6/Proximity Caves | Reached level 18 8871 | -6/Proximity Caves | Received a Behemoth hack from an annoying Tinkerer 8972 | -6/Proximity Caves | Entered Factory 8973 | -6/Factory | Loaded intel: 303 machine locations 8974 | -6/Factory | Loaded intel: 45 interactive machine locations 9178 | -6/Factory | Identified exit to Garrison 9178 | -6/Factory | Entered Garrison 9179 | -6/Garrison | Loaded intel: 20 machine locations 9180 | -6/Garrison | Reached level 19 9276 | -6/Garrison | Destroyed 12 combat bots 9283 | -6/Garrison | Garrison Relay disabled 9301 | -6/Garrison | Upgraded with Utility slot (x1) 9433 | -6/Garrison | Triggered checkpoint 9448 | -6/Garrison | Garrison Relay disabled 9554 | -6/Garrison | Triggered checkpoint 9603 | -6/Garrison | Discovered new exit (range 13) 9656 | -6/Garrison | Triggered checkpoint 9691 | -6/Garrison | Garrison Relay disabled 9772 | -6/Garrison | Triggered checkpoint 9798 | -6/Garrison | Triggered checkpoint 9826 | -6/Garrison | Triggered checkpoint 9869 | -6/Garrison | Discovered new exit (range 16) 9890 | -6/Garrison | Identified exit to Factory 9899 | -6/Garrison | Expanded RIF knowledge: Zone Cloak 9948 | -6/Garrison | Triggered checkpoint 9965 | -6/Garrison | Reached level 20 9987 | -6/Garrison | Garrison Relay disabled 10245 | -6/Garrison | Discovered exit to Factory (range 15) 10251 | -6/Garrison | Triggered checkpoint 10271 | -6/Garrison | Garrison Relay disabled 10383 | -6/Garrison | Entered Factory 10383 | -6/Factory | Accompanied by 7 allies 10384 | -6/Factory | Loaded intel: 241 machine locations 10446 | -6/Factory | Fabricated S-27 Virus? 10478 | -6/Factory | Local fabrication network quarantined 10586 | -6/Factory | Identified exit to Garrison 10666 | -6/Factory | Discovered new exit (range 17) 10694 | -6/Factory | Identified exit to Factory 10733 | -6/Factory | First assault squad dispatched 10737 | -6/Factory | Build established: Commander-Assassin 10861 | -6/Factory | Garrison activated, responded to threat 10933 | -6/Factory | Entered Garrison 10933 | -6/Garrison | Accompanied by 5 allies 10934 | -6/Garrison | Loaded intel: 19 machine locations 11010 | -6/Garrison | Triggered checkpoint 11076 | -6/Garrison | Reached level 21 11086 | -6/Garrison | Triggered checkpoint 11096 | -6/Garrison | Discovered exit to Factory (range 17) 11136 | -6/Garrison | Build established: Hacker-Assassin 11151 | -6/Garrison | Expanded RIF knowledge: Threat Obfuscation 11246 | -6/Garrison | Triggered checkpoint 11264 | -6/Garrison | Garrison Relay disabled 11363 | -6/Garrison | Entered Factory 11363 | -5/Factory | Accompanied by 2 allies 11364 | -5/Factory | Loaded intel: 215 machine locations 11387 | -5/Factory | Identified exit to Garrison 11387 | -5/Factory | Entered Garrison 11387 | -5/Garrison | Accompanied by 2 allies 11388 | -5/Garrison | Loaded intel: 21 machine locations 11446 | -5/Garrison | Build established: Bothacker-Assassin 11477 | -5/Garrison | Garrison Relay disabled 11477 | -5/Garrison | Reached level 22 11494 | -5/Garrison | Triggered checkpoint 11506 | -5/Garrison | Upgraded with Weapon slot (x2) 11628 | -5/Garrison | Spotted B-75 Beast 11628 | -5/Garrison | Spotted B-75 Beast 11638 | -5/Garrison | Allies destroyed B-75 Beast 11641 | -5/Garrison | Destroyed B-75 Beast 11910 | -5/Garrison | Core integrity fell below 50% 12080 | -5/Garrison | Triggered checkpoint 12166 | -5/Garrison | Triggered checkpoint 12262 | -5/Garrison | Discovered new exit (range 13) 12278 | -5/Garrison | Identified exit to Factory 12288 | -5/Garrison | Expanded RIF knowledge: Program Shield 12326 | -5/Garrison | Triggered checkpoint 12343 | -5/Garrison | Garrison Relay disabled 12409 | -5/Garrison | Entered Factory 12410 | -5/Factory | Loaded intel: 241 machine locations 12561 | -5/Factory | Fabricated Exp. Terrain Scanner (x1) 12642 | -5/Factory | Build established: Botlord-Mutant 12715 | -5/Factory | Local fabrication network quarantined 12798 | -5/Factory | Fabricated Exp. Weapon Shielding (x1) 12914 | -5/Factory | Identified exit to Garrison 12914 | -5/Factory | Entered Garrison 12915 | -5/Garrison | Loaded intel: 26 machine locations 12968 | -5/Garrison | Triggered checkpoint 13012 | -5/Garrison | Garrison Relay disabled 13080 | -5/Garrison | Triggered checkpoint 13081 | -5/Garrison | Spotted B-75 Beast 13098 | -5/Garrison | Destroyed B-75 Beast 13136 | -5/Garrison | Discovered new exit (range 24) 13153 | -5/Garrison | Discovered new exit (range 26) 13168 | -5/Garrison | Triggered checkpoint 13196 | -5/Garrison | Identified exit to Factory 13208 | -5/Garrison | Expanded RIF knowledge: Threat Obfuscation 13270 | -5/Garrison | Triggered checkpoint 13288 | -5/Garrison | Garrison Relay disabled 13356 | -5/Garrison | Entered Factory 13356 | -4/Factory | Accompanied by 3 allies 13357 | -4/Factory | Identified exit to Armory 13358 | -4/Factory | Loaded intel: 277 machine locations 13358 | -4/Factory | Reached level 23 13653 | -4/Factory | Upgraded with Propulsion slot (x1) 13735 | -4/Factory | Fabricated G-50 Soldier? 13748 | -4/Factory | Local fabrication network quarantined 13896 | -4/Factory | Reached level 24 13922 | -4/Factory | Discovered new exit (range 14) 14062 | -4/Factory | Discovered new exit (range 26) 14149 | -4/Factory | Entered Armory 14149 | -4/Armory | Accompanied by 6 allies 14150 | -4/Armory | Loaded intel: 69 machine locations 14512 | -4/Armory | Reached level 25 14593 | -4/Armory | Spotted B-86 Titan 14603 | -4/Armory | Destroyed B-86 Titan 14734 | -4/Armory | Fabricated X-72 Disruptor? 14778 | -4/Armory | Discovered new exit (range 13) 14888 | -4/Armory | Destroyed 9 combat bots 14899 | -4/Armory | First assault squad dispatched 14959 | -4/Armory | Destroyed 9 combat bots 15000 | -4/Armory | Discovered new exit (range 15) 15017 | -4/Armory | Intercept squad dispatched 15026 | -4/Armory | Spotted Tracker 15029 | -4/Armory | Destroyed Tracker 15034 | -4/Armory | Identified exit to Research 15061 | -4/Armory | Spotted Combat Programmer 15063 | -4/Armory | Destroyed Combat Programmer 15077 | -4/Armory | Discovered new exit (range 7) 15085 | -4/Armory | Identified exit to Lab 15087 | -4/Armory | Entered Lab 15087 | -4/Lab | Discovered exit to Research (range 9) 15089 | -4/Lab | Reached level 26 15105 | -4/Lab | Hidden lab's door opened automatically 15105 | -4/Lab | Sensor layout match revealed 15106 | -4/Lab | Gained access to the hidden lab's interior 15107 | -4/Lab | Decrypted terminal 15113 | -4/Lab | Decrypted terminal 15121 | -4/Lab | Detected by scanners 15127 | -4/Lab | Confronted by A5 15147 | -4/Lab | Destroyed A5 15187 | -4/Lab | Reached level 27 15187 | -4/Lab | Decrypted terminal 15187 | -4/Lab | Acquired modification code for an L2 power cell 15207 | -4/Lab | Found Prototype Energy Cannon 15207 | -4/Lab | Identified Potential Cannon 15223 | -4/Lab | Found Prototype Energy Gun 15223 | -4/Lab | Identified Hyp. EM Gauss Rifle 15250 | -4/Lab | Found Prototype Special Weapon 15250 | -4/Lab | Identified Gui. Remote Datajack 15284 | -4/Lab | Found Prototype Protection 15284 | -4/Lab | Identified Exp. Powered Armor 15341 | -4/Lab | Found Alien Artifact 15341 | -4/Lab | Identified Transdimensional Reconstructor 15341 | -4/Lab | Warped through subspace 15384 | -4/Lab | Found Alien Artifact 15384 | -4/Lab | Identified Integrated Reactor 15384 | -4/Lab | Installed Integrated Reactor, increased core energy generation (+10) 15394 | -4/Lab | Found Alien Artifact 15394 | -4/Lab | Identified Core Expander 15394 | -4/Lab | Installed Core Expander, added new Power slot 15476 | -4/Lab | Entered Research 15477 | -3/Research | Loaded intel: 127 machine locations 15516 | -3/Research | Identified exit to Testing 15562 | -3/Research | Core integrity fell below 50% 15583 | -3/Research | Core integrity fell below 20% 15589 | -3/Research | Upgraded with Utility slot (x1) 15895 | -3/Research | Build established: Bothacker-Mutant 16253 | -3/Research | Fabricated X-72 Disruptor? 16410 | -3/Research | Reached level 28 16479 | -3/Research | Local fabrication network quarantined 16496 | -3/Research | System corruption reached 10% 16702 | -3/Research | Entered Testing 16703 | -3/Testing | Loaded intel: 75 machine locations 16717 | -3/Testing | Found System Mapper 16857 | -3/Testing | Fabricated X-72 Disruptor? 17044 | -3/Testing | Garrison activated, responded to threat 17181 | -3/Testing | Found Warp Gun 17227 | -3/Testing | Found Imp. Potential Cannon 17374 | -3/Testing | Scanned by Researcher 17433 | -3/Testing | Found SHELL Armor 17435 | -3/Testing | Destroyed 8 combat bots 17618 | -3/Testing | Reached level 29 17765 | -3/Testing | Destroyed 10 combat bots 17796 | -3/Testing | Build established: Hacker-Executioner 18014 | -3/Testing | Found Myomer Exoskeleton 18044 | -3/Testing | Discovered new exit (range 23) 18122 | -3/Testing | Found Hyp. EM Gauss Rifle 18183 | -3/Testing | Intercept squad dispatched 18188 | -3/Testing | Spotted Tracker 18204 | -3/Testing | Spotted Combat Programmer 18208 | -3/Testing | Destroyed Tracker 18223 | -3/Testing | Destroyed Combat Programmer 18316 | -3/Testing | Protovariant out of control (PD-CLDBOIY1AP) 18316 | -3/Testing | Unleashed a protovariant (PD-CLDBOIY1AP) 18331 | -3/Testing | Spotted Investigator 18337 | -3/Testing | Destroyed Investigator 18344 | -3/Testing | Identified exit to Research 18345 | -3/Testing | Entered Research 18346 | -2/Research | Loaded intel: 117 machine locations 18347 | -2/Research | Reached level 30 18556 | -2/Research | Core integrity fell below 50% 18594 | -2/Research | Discovered new exit (range 10) 18601 | -2/Research | Destroyed 10 combat bots 18614 | -2/Research | Upgraded with Power slot (x1) 18771 | -2/Research | Identified exit to Quarantine 18772 | -2/Research | Entered Quarantine 18773 | -2/Quarantine | Loaded intel: 76 machine locations 18815 | -2/Quarantine | Reached level 31 18844 | -2/Quarantine | Upgraded with Power slot (x1) 18884 | -2/Quarantine | Found Alien Artifact 18890 | -2/Quarantine | Found Alien Artifact 19060 | -2/Quarantine | Discovered new exit (range 26) 19093 | -2/Quarantine | Found Alien Artifact 19093 | -2/Quarantine | Identified Core Reset Matrix 19093 | -2/Quarantine | Identified Hpw. Transdimensional Reconstructor (x2) 19093 | -2/Quarantine | Used Core Reset Matrix 19097 | -2/Quarantine | Detected hypermatrix surge 19097 | -2/Quarantine | Sensed 11 artifacts in vicinity 19124 | -2/Quarantine | Discovered new exit (range 11) 19135 | -2/Quarantine | Identified exit to Access 19150 | -2/Quarantine | Found Subatomic Replicator 19186 | -2/Quarantine | Spotted Alpha 7 19198 | -2/Quarantine | Garrison activated, responded to threat 19211 | -2/Quarantine | Door terminal overloaded 19275 | -2/Quarantine | Destroyed Alpha 7 19297 | -2/Quarantine | System corruption reached 10% 19382 | -2/Quarantine | Destroyed 8 combat bots 19426 | -2/Quarantine | Found Sigix Terminator 19613 | -2/Quarantine | Found Sigix Broadsword 19648 | -2/Quarantine | Assembled infested ambush trap array 19710 | -2/Quarantine | Met incapacitated Sigix Warrior 19710 | -2/Quarantine | Lockdown squad dispatched 19710 | -2/Quarantine | Reached level 32 19715 | -2/Quarantine | Acquired the access code to the Sigix quarantine chamber 19717 | -2/Quarantine | Unlocked Sigix quarantine chamber 19757 | -2/Quarantine | Emitted hypermatrix ping 19762 | -2/Quarantine | Assembled emerged from beneath the floor 19772 | -2/Quarantine | Spotted Lightning 19779 | -2/Quarantine | Destroyed Lightning 19794 | -2/Quarantine | Spotted Lightning 19799 | -2/Quarantine | Destroyed Lightning 19804 | -2/Quarantine | Destroyed Lightning 19935 | -2/Quarantine | Core integrity fell below 20% 19942 | -2/Quarantine | Destroyed by Q446-a with Hellfire Missile Launcher Last Messages --------------- K-01 Serf destroyed. U-05 Engineer lays Concrete. Destroyed Unknown Wheel. U-05 Engineer lays Concrete. The unstable cave ceiling collapses. U-05 Engineer lays Concrete. S-43 Plague destroyed. The unstable cave ceiling collapses. S-43 Plague destroyed. U-05 Engineer destroyed. S-43 Plague destroyed. System corrupted: Imp. Potential Cannon rejected. Acquired Imp. Potential Cannon. HV-EM Slug penetrates Wall. HV-EM Slug penetrates Q446-a. HV-EM Slug penetrates Wall. The unstable cave ceiling collapses. Cld. Fission Core destroyed. The unstable cave ceiling collapses. [Achievement: Punisher] Map ----- +----------------------------------------------------+ | ##???#??#?###########??#####?####?####?##?#?###??? | | ?#####?#?#?########?#?######?######?##????####??## | | ##?######?###?#######################?#??###??## | | """""####################### ? ? ?? | | # """##?#### ? ? ?? | | # """####### ? | | # ""####### ? | | + """####### #########+##########? | | ?"??##########=# """####### ###### ####### | | ####??######## ############# ###### """"" ####### | | ?##?########## ############# ###### """"" ####### | | ??###?######## ############# ###### """"" ####### | | # ? #####+############# ###### ####### | | # """"? # ######### ###### """"" ####### | | # """"" # = ######### ## # """"" ####### | | ? "!" # ######### ## ### """"" ####### | | # """ # ######### ## ### ####### | | ? # """ """ ######### ##################### | | ? # """ """ ######### # ############ | | / # """ """ #####; # " ############ | | # ? # #### ; ; " T ############ | | #######+######+######## < ; " " ############ | | #### ; " ############ | | #### Q """ ############ | | #### " " ############ | | #### @ " ############ | | ? # ########## # ############ | | # #####" "T #################### | | # # #################### | | + + """ """ # # ################ | | # # """ """ # #*################ | | # # """ """ ;"################## | | # # [![=!"### ####### | | # #= ! # #!!![! #" | | #### ############+ =|!!! ## # ######### | | ? # ############ # #" !################# | | /^ #*################## | | # = #[=!""############## | | # ##!*|! ############## | | # """"" """ ## ""############## | | # """"" """ ##################### | | # """"" """ ^ """ ##################### | | # =![""" ##################### | | # """"" """"" [!""" ##################### | | #### """"" """""%!%[ ##################### | | #### """"" """"" =^ ##################### | | #### %^ ##################### | | # """ """"" % ^ ""##################### | | ""# """ """"" ""##################### | | ""#^ """ """"" G##################### | +----------------------------------------------------+ Best States ------------- Heat Dissipation 91 Energy Generation 119 Energy Capacity 1030 Matter Stores 400 Matter Capacity 400 Sight Range 18 Robot Scan Range 18 Terrain Scan Range 30 Terrain Scan Density 210 Armor Coverage 900 Resistance: TH 30 Weapon Shielding 90 Phase Shifting 15 Evasion (%) 55 Target Analysis 5 Core Analysis 6 Armor Integrity Analysis 66 Recoil Reduction 4 Matter Filtering 50 Kinecelleration 30 Offensive Hacking 45 Defensive Hacking 10 Relay Coupler Types 259 Relay Coupler Value 5 Item Schematics ----------------- None Robot Schematics ------------------ None Fabricated ------------ M-13 Machinist | x1 | -7/Factory Imp. Armor Integrity Analyzer | x1 | -7/Factory S-27 Virus | x4 | -6/Factory | Preloaded Exp. Terrain Scanner | x1 | -5/Factory Exp. Weapon Shielding | x1 | -5/Factory G-50 Soldier | x3 | -4/Factory X-72 Disruptor | x2 | -4/Armory X-72 Disruptor | x2 | -3/Research X-72 Disruptor | x2 | -3/Testing Alien Tech Used ----------------- Transdimensional Reconstructor Integrated Reactor Core Expander Core Reset Matrix Sigix Broadsword Achievements -------------- Decrypted! Punisher Rampage Unlimited Data War Machine Challenges ------------ None RPGLIKE | -11 -10 -10 -10 -9 -8 -8 -8 -8 -7 -7 -7 -6 -6 -6 -6 -6 -5 -5 -5 -5 -4 -4 -4 -3 -3 -2 -2 --------- Run | Scr Mat Min Exi Min Mat Gar Mat Gar Fac Low Dat Pro Fac Gar Fac Gar Fac Gar Fac Gar Fac Arm Lab Res Tes Res Qua Levels Raised 31 | . 1 . . 1 2 3 3 1 3 . 1 2 . 2 . 1 . 1 . . 2 1 2 1 1 1 2 XP Earned 50192 | 3000 1760 750 200 792 3154 4830 4399 1104 4257 388 1083 3024 974 2169 701 591 734 1234 49 485 2115 2591 1746 1663 1711 1704 2984 XP Spent 49375 | 140 4160 . . 1600 3075 3700 4850 1800 2700 . 3200 . . 5450 . . . 3700 . . 1100 . . 6500 2940 800 3660 Upgrades 103 | 2 13 . . 2 5 4 15 3 2 . 4 . . 4 . . . 2 . . 1 . . 27 9 1 9 Power Slot 3 | . . . . . . . . . . . 1 . . . . . . . . . . . . . . 1 1 Propulsion Slot 3 | . . . . . . . 2 . . . . . . . . . . . . . 1 . . . . . . Utility Slot 8 | . . . . . 1 3 . . 1 . 1 . . 1 . . . . . . . . . 1 . . . Weapon Slot 6 | . 2 . . 1 1 . . . . . . . . . . . . 2 . . . . . . . . . Core Integrity 34 | . . . . . . . . . . . . . . . . . . . . . . . . 26 . . 8 Heat Dissipation 11 | . 3 . . . . . . . . . . . . . . . . . . . . . . . 8 . . Matter Storage 2 | . . . . . 2 . . . . . . . . . . . . . . . . . . . . . . Inventory Capacity 6 | . 1 . . 1 1 . . . 1 . . . . 1 . . . . . . . . . . 1 . . Sight Range 2 | . . . . . . . 2 . . . . . . . . . . . . . . . . . . . . Sensor Range 9 | . . . . . . . 9 . . . . . . . . . . . . . . . . . . . . Terrain Scan Density 2 | 2 . . . . . . . . . . . . . . . . . . . . . . . . . . . Ranged Accuracy 4 | . . . . . . 1 . 3 . . . . . . . . . . . . . . . . . . . Melee Accuracy 2 | . 2 . . . . . . . . . . . . . . . . . . . . . . . . . . Hack Attack % 5 | . 3 . . . . . 2 . . . . . . . . . . . . . . . . . . . . Hack Defense % 2 | . 2 . . . . . . . . . . . . . . . . . . . . . . . . . . KI Damage % 4 | . . . . . . . . . . . 2 . . 2 . . . . . . . . . . . . . Protomatter Created 6051 | . 126 57 51 . 112 303 710 186 410 . 73 289 105 267 95 127 . 284 . 125 72 560 . 393 1068 151 487 Integrity Restored 13565 | . 376 171 145 9 202 849 1247 336 948 . 555 260 170 739 123 244 . 790 . 374 278 1060 . 999 2382 492 816 Core 11188 | . 372 171 90 . 162 532 641 133 667 . 342 203 140 592 101 181 . 732 . 332 202 906 . 999 2382 492 816 Parts 2377 | . 4 . 55 9 40 317 606 203 281 . 213 57 30 147 22 63 . 58 . 42 76 154 . . . . . Protomatter Decayed 3086 | . . . 1 30 164 14 271 68 86 . . 302 105 50 435 373 . 18 . . 6 490 . 71 255 63 284 Game ------ Seed FluxAnalysisDesublimator Manual? 0 Play Time 03:21:37 Cumulative 241.4 hours Start 2020.09.12 @ 18:27:47 End 2020.09.13 @ 01:55:29 Sessions 3 Manual Loads 0 Difficulty Rogue Special Mode Winter2019/RPGLIKE Game No. 253 Rogue 253 Adventurer 0 Explorer 0 Win Type - Total 12 Types 8/0/3/1/0/0/0/0/0 Lore% 79 Gallery% 87 Achievement% 69 Wizard Run 0 Options --------- ASCII 0 Keyboard 1 Movement Numpad Keybinds 0 Fullscreen 1 Font 20/SmallcapsGlow Map View 66x50 Tactical HUD 1 Map Filters NONE Filters NONE Steam 1 RUN: eb025584-7785-4a66-ae05-788e9ca9c066